 Dungeon Crawl Stone Soup version 0.24-a0-506-g958ff8eaa0 (webtiles) character file.

Game seed: 17299149907207317442

221 RedPan the Ruffian (level 5, -2/41 HPs)
             Began as a Demonspawn Berserker on July 18, 2019.
             Was a Priest of Trog.
             Slain by Grinder (6 damage)
             ... on level 3 of the Dungeon.
             The game lasted 00:05:54 (3411 turns).

RedPan the Ruffian (Demonspawn Berserker)           Turns: 3411, Time: 00:05:55

Health: -2/41      AC:  5    Str: 23    XL:     5   Next: 65%
Magic:  5/5        EV: 14    Int:  8    God:    Trog [***...]
Gold:   148        SH:  0    Dex: 13    Spells: 4/4 levels left

rFire    . . .     SeeInvis .     - Unarmed
rCold    . . .     Gourm    .   (no shield)
rNeg     . . .     Faith    .   g - +0 robe (curse)
rPois    .         Spirit   .   (no helmet)
rElec    .         Reflect  .   e - +0 cloak
rCorr    .         Harm     .   f - +0 pair of gloves
MR       .....                  d - +0 pair of boots (curse)
Stlth    +.........             (no amulet)
HPRegen  0.13/turn              (no ring)
MPRegen  0.09/turn              (no ring)

@: mighty
A: powered by death 1, sturdy frame 2
a: Berserk, Trog's Hand, Renounce Religion


You were on level 3 of the Dungeon.
You worshipped Trog.
Trog was most pleased with you.
You were not hungry.

You visited 1 branch of the dungeon, and saw 3 of its levels.

You collected 148 gold pieces.

Inventory:

Armour
 d - a cursed +0 pair of boots (worn)
 e - a +0 cloak (worn)
 f - a +0 pair of gloves (worn)
 g - a cursed +0 robe (worn)
 i - a +0 ring mail
Jewellery
 h - a +4 ring of intelligence
Scrolls
 c - 2 scrolls of teleportation
Comestibles
 a - 5 chunks of flesh
 b - 3 rations


   Skills:
 - Level 3.0 Fighting
 - Level 1.7 Armour
 + Level 4.0 Dodging
 + Level 4.5 Unarmed Combat


You had 4 spell levels left.
You didn't know any spells.
Your spell library was empty.

Dungeon Overview and Level Annotations

Branches:
Dungeon (3/15)

Altars:

Annotations:
D:3 Grinder


Innate Abilities, Weirdness & Mutations

You regenerate a little health from kills.
Your movements are less encumbered by armour. (ER -4)


Message History

Grinder hits you!
* * * LOW HITPOINT WARNING * * *
Grinder hits you but does no damage. Grinder hits you.
* * * LOW HITPOINT WARNING * * *
You writhe in agony.
* * * LOW HITPOINT WARNING * * *
You can move again.
Unknown command.
It was a potion of might.
You feel very mighty all of a sudden. Grinder misses you.
You punch Grinder!
Grinder is moderately wounded.
Grinder gestures at you. You resist with significant effort.
You closely miss Grinder.
Grinder is moderately wounded.
Grinder hits you.
You die...

.##....# #.# #..#
####.... .##....# #.#
####..####......÷
####...#
#.###........+.......
..##...#
#..##.########.......
..##...# #..##.######
######## ..'....#
#.....##...#
..#....######.....##.#.#
..#........##...5.##.#.#
..#........##...@....#.#
####.##....##........#.#
#.##....##.####...#<#
#..#....##.# #÷..###
##.#....##.# ##...#####
#.#....##.# #........#
#.#....##.# #........#
#.#....##.# #........#
#####......##.#
#........#


You could see Grinder.

Vanquished Creatures
  A water moccasin skeleton (D:3)
  A hound (D:3)
  5 adders
  An ooze (D:3)
  3 worms
  3 dart slugs
  3 leopard geckos
  2 orcs (D:3)
  7 giant cockroaches
  4 goblins
  10 hobgoblins
  7 jackals (D:3)
  A ball python (D:3)
  9 bats
  5 frilled lizards
  12 kobolds
  8 rats
82 creatures vanquished.

Vanquished Creatures (others)
  3 toadstools (D:1)
3 creatures vanquished.

Grand Total: 85 creatures vanquished

Notes
Turn   | Place    | Note
-------+----------+-------------------------------------------
     0 | D:1      | RedPan the Demonspawn Berserker began the quest for the
                  | Orb.
     0 | D:1      | Reached XP level 1. HP: 18/18 MP: 1/1
   300 | D:1      | Gained mutation: Your movements are slightly less
                  | encumbered by armour. (ER -2) [demonic ancestry]
   300 | D:1      | Reached XP level 2. HP: 22/24 MP: 2/2
   606 | D:1      | Reached ** piety under Trog
   900 | D:2      | Gained mutation: Your movements are less encumbered by
                  | armour. (ER -4) [demonic ancestry]
   900 | D:2      | Reached XP level 3. HP: 26/29 MP: 3/3
  1952 | D:2      | Reached XP level 4. HP: 34/35 MP: 4/4
  2565 | D:3      | Gained mutation: You regenerate a little health from kills.
                  | [demonic ancestry]
  2565 | D:3      | Reached XP level 5. HP: 34/41 MP: 5/5
  2895 | D:3      | Reached *** piety under Trog
  3387 | D:3      | Noticed Grinder
  3402 | D:3      | Paralysed by Grinder for 7 turns
  3411 | D:3      | Slain by Grinder

Levels and vault maps discovered:
D:1:      ncdulo_smallfort, layout_basic, minmay_gold_behind_fungi
D:2:      layout_basic
D:3:      layout_basic, first_ration, uniq_grinder

Skill      XL: |  1  2  3  4  5 |
---------------+----------------+-----
Dodging        | 2 3 4 |  4.0
Unarmed Combat | 3 4 |  4.5
Fighting       | |  3.0
Armour         | |  1.7

Action                   |  1- 3 |  4- 6 || total
-------------------------+-------+-------++-------
Melee: Unarmed           |   178 |   165 ||   343
       Punch             |     1 |     2 ||     3
  Use: Scroll            |       |     8 ||     8
       Potion            |       |     3 ||     3
 Stab: Sleeping          |     3 |       ||     3
  Eat: Chunk             |     3 |     5 ||     8
Armor: Animal skin       |     3 |       ||     3
       Robe              |    30 |    27 ||    57
Dodge: Dodged            |   107 |   118 ||   225

Table legend:
 A = Non-vault XP
 B = Vault XP
 C = Vault XP percentage of total XP
 D = Non-vault monster count
 E = Vault monster count
 F = Vault count percentage of total count
                 A         B        C        D         E       F
            +---------+---------+-------+---------+---------+-------
      Total |     317 |       0 |   0.0 |      82 |       0 |   0.0
            +---------+---------+-------+---------+---------+-------
        D:1 |      35 |       0 |   0.0 |      20 |       0 |   0.0
        D:2 |      73 |       0 |   0.0 |      26 |       0 |   0.0
        D:3 |     209 |       0 |   0.0 |      36 |       0 |   0.0
            +---------+---------+-------+---------+---------+-------
